 Dungeon Crawl Stone Soup version bcrawl-1.20 (webtiles) character file.

Game seed: 3097983380123677

408 Mrkan the Chopper (level 6, -5/55 HPs)
             Began as a Minotaur Fighter on Jan 21, 2020.
             Was a Believer of Lugonu.
             Slain by Grinder (7 damage)
             ... on level 3 of the Dungeon.
             The game lasted 00:03:49 (2425 turns).

Mrkan the Chopper (Minotaur Fighter)                Turns: 2425, Time: 00:03:49

Health: -5/55      AC:  8    Str: 21    XL:     6   Next: 57%
Magic:  6/6        EV:  7    Int:  5    God:    Lugonu [**....]
Gold:   188        SH: 10    Dex: 11    Spells: 5/5 levels left

rFire    . . .     SeeInvis .   a - +0 war axe
rCold    . . .     Gourm    .   c - +0 shield
rNeg     . . .     Faith    .   b - +0 scale mail
rPois    .         Spirit   .   (helmet restricted)
rElec    .         Reflect  .   (no cloak)
rCorr    .         Harm     .   (no gloves)
MR       .....                  p - +0 pair of boots (curse)
Stlth    ..........             (no amulet)
HPRegen  0.18/turn              (no ring)
MPRegen  0.10/turn              (no ring)

@: lethally poisoned (-5 -> -7)
A: retaliatory headbutt, horns 2
a: Depart the Abyss, Bend Space, Banish, Renounce Religion


You were on level 3 of the Dungeon.
You worshipped Lugonu.
Lugonu was pleased with you.
You were not hungry.

You visited 1 branch of the dungeon, and saw 3 of its levels.

You collected 188 gold pieces.

Inventory:

Hand Weapons
 a - a +0 war axe (weapon)
Armour
 b - a +0 scale mail (worn)
 c - a +0 shield (worn)
 p - a cursed +0 pair of boots (worn)
Jewellery
 m - a cursed ring of teleportation {unknown}
Wands
 q - a wand of polymorph (9)
Scrolls
 g - a scroll of enchant weapon {unknown}
 h - a scroll of blinking {unknown}
 i - 2 scrolls of remove curse {unknown}
 j - a scroll of magic mapping {unknown}
 k - 2 scrolls of enchant armour {unknown}
 l - 4 scrolls of teleportation {unknown}
 n - a scroll of identify {unknown}
Potions
 d - 2 potions of might
 f - a potion of resistance {unknown}
 o - a potion of curing {unknown}
 r - a potion of heal wounds {unknown}
 s - a potion of berserk rage {unknown}
Comestibles
 e - 6 rations {!d}
 t - a chunk of flesh


   Skills:
 + Level 4.9 Fighting
 * Level 5.4 Axes
 + Level 4.8 Armour
 + Level 5.0 Shields
 + Level 2.2 Invocations


You had 5 spell levels left.
You didn't know any spells.
Your spell library was empty.

Dungeon Overview and Level Annotations

Branches:
Dungeon (3/12)

Altars:
Gozag
Lugonu
Okawaru
Qazlal
Sif Muna
Trog
Uskayaw
Vehumet
Xom

Annotations:
D:3 Grinder


Innate Abilities, Weirdness & Mutations

You reflexively headbutt those who attack you in melee.
You have a pair of horns on your head.


Message History

You block Grinder's attack.
The orc wizard mumbles some strange words.
The orc wizard blinks!
You hit Grinder. You headbutt Grinder.
Grinder is lightly wounded.
Grinder grins, showing sharp teeth.
Grinder barely misses you. You furiously retaliate!
You headbutt Grinder. You barely miss Grinder. You headbutt Grinder!
Grinder is heavily wounded.
You feel sick. Grinder hits you but does no damage.
Your shield and scale mail prevent you from hitting Grinder.
Your headbutt misses Grinder.
Grinder is heavily wounded.
Grinder hits you.
* * * LOW HITPOINT WARNING * * *
You writhe in agony.
* * * LOW HITPOINT WARNING * * *
A goblin comes into view. It is wielding a +0 dagger.
Grinder hits you!
You die...

# ##. .... .....
......#### #..
....oo5@.# #.#
......##.# #.# g....
#รท# #.# .... #.# #.#
### #.# #.# #.###.##
#.##...# ########
#.##.#.#
#......######.##.#.##


You could see Grinder, an orc wizard, an orc and a goblin (wandering).

Vanquished Creatures
  A water moccasin (D:3)
  2 jellies (D:3)
  Natasha (thrice) (D:3)
  5 gnolls
  4 adders (D:3)
  An ooze (D:1)
  An adder zombie (D:3)
  2 worms
  A dart slug (D:2)
  5 leopard geckos
  2 orcs (D:3)
  5 bats
  6 giant cockroaches
  4 goblins
  7 hobgoblins
  An iguana (D:3)
  11 jackals (D:3)
  A quokka (D:2)
  A ball python (D:1)
  4 frilled lizards
  3 kobolds
  7 rats
77 creatures vanquished.

Vanquished Creatures (others)
  5 toadstools (D:3)
5 creatures vanquished.

Grand Total: 82 creatures vanquished

Notes
Turn   | Place    | Note
-------+----------+-------------------------------------------
     0 | D:1      | Mrkan the Minotaur Fighter began the quest for the Orb.
     0 | D:1      | Reached XP level 1. HP: 19/19 MP: 0/0
    85 | D:1      | Reached XP level 2. HP: 27/27 MP: 1/1
   379 | D:1      | Reached XP level 3. HP: 31/33 MP: 2/2
   866 | D:2      | Found an opulent altar of Gozag.
   891 | D:2      | Found a shimmering blue altar of Sif Muna.
   902 | D:2      | Found a corrupted altar of Lugonu.
   905 | D:2      | Found a radiant altar of Vehumet.
   950 | D:2      | Became a worshipper of Lugonu the Unformed
  1532 | D:3      | Found a faded altar of an unknown god.
  1537 | D:3      | Noticed Natasha
  1543 | D:3      | Killed Natasha
  1543 | D:3      | Reached XP level 4. HP: 33/40 MP: 3/3
  1707 | D:3      | Found a shimmering altar of Xom.
  1717 | D:3      | Reached skill level 1 in Invocations
  1740 | D:3      | Reached XP level 5. HP: 23/47 MP: 4/4
  2001 | D:3      | Noticed Natasha
  2002 | D:3      | Found a bloodstained altar of Trog.
  2012 | D:3      | Killed Natasha
  2013 | D:3      | Found a hide-covered altar of Uskayaw.
  2062 | D:3      | Found an iron altar of Okawaru.
  2210 | D:3      | Found a stormy altar of Qazlal.
  2222 | D:3      | Reached ** piety under Lugonu
  2368 | D:3      | Noticed Natasha
  2371 | D:3      | Killed Natasha
  2371 | D:3      | Reached skill level 5 in Axes
  2371 | D:3      | Reached XP level 6. HP: 53/53 MP: 6/6
  2384 | D:3      | Noticed Grinder
  2389 | D:3      | Noticed a water moccasin
  2404 | D:3      | Killed a water moccasin
  2421 | D:3      | Reached skill level 5 in Shields
  2425 | D:3      | HP: 2/55 [Grinder (4)]
  2425 | D:3      | Slain by Grinder

Skill      XL: |  1  2  3  4  5  6 |
---------------+-------------------+-----
Axes           | 3 4 5 |  5.4
Fighting       | 4 |  4.9
Armour         | 4 |  4.8
Shields        | 4 5 |  5.0
Invocations    | 1 2 |  2.2

Action                   |  1- 3 |  4- 6 || total
-------------------------+-------+-------++-------
Melee: War axe           |   104 |    97 ||   201
       Headbutt          |    18 |    16 ||    34
  Eat: Chunk             |     2 |     3 ||     5
Armor: Scale mail        |    55 |    42 ||    97
Dodge: Dodged            |    34 |    27 ||    61
Block: Shield            |    64 |    57 ||   121
